NEW YORK Rangers vs NEW YORK Islanders (R5)

Created - 19 mars 2024 at 10:51

Goals
1 2 3 T
NEW YORK Rangers 1 0 0 1
NEW YORK Islanders 2 0 1 3
Shots
1 2 3 T
NEW YORK Rangers 17 12 8 37
NEW YORK Islanders 6 3 7 16

1st period

1. NEW YORK Islanders , Nino Niederreiter 21 (Jacob Trouba 37, Erik Cernak 32) at 1:11 (PP)
2. NEW YORK Islanders , Dillon Dube 13 (Nikolaj Ehlers 20) at 15:29
3. NEW YORK Rangers , Chris Kreider 31 (Jared Spurgeon 43, Jamie Benn 48) at 18:49 (PP)

Penalties :
Brayden Schenn (NYR) for High sticking (Minor) at 0:36, Erik Cernak (NYI) for Roughing (Minor) at 2:43, Kirby Dach (NYI) for Tripping (Minor) at 5:34, Tyler Myers (NYR) for High sticking (Minor) at 8:30, Erik Cernak (NYI) for Hooking (Minor) at 12:42, Ilya Lyubushkin (NYI) for Roughing (Minor) at 12:52, Gustav Nyquist (NYI) for Goalie Interference (Minor) at 18:27, Erik Cernak (NYI) for Interference (Minor) at 19:26

2nd period

No Goal

Penalties :
Braden Schneider (NYI) for Cross-checking (Minor) at 4:25, Ilya Lyubushkin (NYI) for Tripping (Minor) at 7:20, Ilya Lyubushkin (NYI) for High sticking (Minor) at 13:29

3rd period

4. NEW YORK Islanders , Kirby Dach 12 (Nikolaj Ehlers 21, Pius Suter 21) at 14:17 (PP)

Penalties :
Nikolaj Ehlers (NYI) for Holding (Minor) at 1:40, Sean Kuraly (NYI) for Holding Stick (Minor) at 2:37, Timo Meier (NYR) for Hooking (Minor) at 7:46, Jacob Middleton (NYR) for Holding (Minor) at 10:00, Brayden Schenn (NYR) for Slashing (Minor) at 13:09, Justin Faulk (NYR) for Close Hand On Puck (Minor) at 18:16

Goalie Stats

Linus Ullmark (NYR), 13 saves from 16 shots - (0,813), L, 36-13-5, 60:00 minutes
Ilya Sorokin (NYI), 36 saves from 37 shots - (0,973), W, 33-18-3, 60:00 minutes

Players Stats for NEW YORK Rangers

Player Name              G  A  P  +/- PIM S  H  SB GA TA FO     MP     PP MP  PK MP  
------------------------------------------------------------------------------------
Andrew Copp              0  0  0   0  0   1  1  0  0  0  5/9    15:56   9:16   0:20 
Brayden Schenn           0  0  0   0  4   1  0  0  0  0  20/32  21:42   7:25   3:07 
Cam Fowler               0  0  0   0  0   3  1  1  0  0  0/0    22:00   7:22   3:57 
Casey Cizikas            0  0  0   0  0   0  0  0  0  0  1/2     6:10   0:00   0:00 
Chris Kreider            1  0  1  -1  0   4  1  0  0  0  0/1    24:45   9:13   5:58 
Conor Garland            0  0  0   0  0   1  0  0  0  0  0/1    11:12   0:00   0:00 
Dante Fabbro             0  0  0   0  0   0  3  1  0  0  0/0    10:59   0:43   0:16 
Jacob Middleton          0  0  0   0  2   1  0  1  0  0  0/0    12:06   0:43   1:24 
Jamie Benn               0  1  1  -1  0   6  2  0  0  0  24/37  24:35   9:13   5:48 
Jared Spurgeon           0  1  1  -1  0   7  0  1  0  0  0/0    27:01   9:16   5:10 
Justin Faulk             0  0  0  -1  2   4  0  2  0  0  0/0    25:57   9:16   4:07 
Kasperi Kapanen          0  0  0   0  0   5  0  0  0  0  1/2    14:19   7:33   0:00 
Kirill Marchenko         0  0  0   0  0   0  0  0  0  0  0/0     6:46   0:00   0:00 
Mats Zuccarello          0  0  0  -1  0   0  0  0  0  0  0/0    10:17   0:43   0:00 
Ryan Lomberg             0  0  0   0  0   0  0  0  0  0  0/1     5:44   0:00   0:00 
Timo Meier               0  0  0   0  2   4  4  0  0  0  1/2    20:41   7:25   2:05 
Tyler Myers              0  0  0   0  2   0  1  1  0  0  0/0    21:54   7:22   3:52 
Vladislav Namestnikov    0  0  0   0  0   0  0  0  0  0  1/1     8:27   1:15   1:28 

Players Stats for NEW YORK Islanders

Player Name              G  A  P  +/- PIM S  H  SB GA TA FO     MP     PP MP  PK MP  
------------------------------------------------------------------------------------
Braden Schneider         0  0  0   0  2   1  7  1  0  0  0/0    20:15   4:07   6:20 
Dillon Dube              1  0  1   1  0   1  2  0  0  0  7/18   17:22   5:16   0:02 
Erik Cernak              0  1  1   1  6   1  2  1  0  0  0/0    22:41   5:02   5:00 
Ethan Bear               0  0  0   0  0   0  2  1  0  0  0/0    16:24   3:56   1:43 
Gustav Nyquist           0  0  0   0  2   0  0  2  0  0  0/1    17:27   0:25   8:18 
Ilya Lyubushkin          0  0  0   0  6   0  1  3  0  0  0/0    16:09   0:00   5:26 
Jacob Trouba             0  1  1   1  0   0  8  2  0  0  0/0    26:48   5:00   9:06 
Jesper Fast              0  0  0   0  0   0  0  0  0  0  0/1    11:34   0:00   5:00 
Kirby Dach               1  0  1   0  2   2  1  0  0  0  0/6    12:29   4:07   1:49 
Lucas Raymond            0  0  0   0  0   4  2  0  0  0  0/0    14:01   5:16   0:00 
Michael McLeod           0  0  0   0  0   1  0  0  0  0  8/12   11:22   0:00   5:29 
Nikolaj Ehlers           0  2  2   1  2   2  0  0  0  0  1/4    16:38   3:42   0:53 
Nino Niederreiter        1  0  1   1  0   2  3  0  0  0  0/2    17:39   5:16   0:19 
Pius Suter               0  1  1   0  0   1  1  0  0  0  11/24  14:12   3:42   1:45 
Sean Kuraly              0  0  0   0  2   0  0  2  0  0  8/19   14:33   0:25   8:15 
Sebastian D Aho          0  0  0   0  0   1  0  0  0  0  0/0    17:36   0:41   7:06 
Victor Olofsson          0  0  0   0  0   0  0  0  0  0  0/1     6:34   0:00   0:00 
Zack Kassian             0  0  0   0  0   0  0  1  0  0  0/0     5:53   0:00   0:00 

3 Stars

1 - Ilya Sorokin (NYI)
2 - Jacob Trouba (NYI)
3 - Nino Niederreiter (NYI)

Power Play

NEW YORK Rangers - 1 on 11 Attempt(s) - 9,09%
NEW YORK Islanders - 2 on 6 Attempt(s) - 33,33%

Penalty Kill

NEW YORK Rangers - 4 on 6 Attempt(s) - 66,67% - Score 0 goal in Penalty Kill
NEW YORK Islanders - 10 on 11 Attempt(s) - 90,91% - Score 0 goal in Penalty Kill

Team Stat

NEW YORK Rangers - Hits : 13 - Faceoff Wins : 53 - Blocked Shots : 7 - Penalty Minutes : 12
NEW YORK Islanders - Hits : 29 - Faceoff Wins : 35 - Blocked Shots : 13 - Penalty Minutes : 22

Official

Referees : Brandon Schrader and Trevor Hanson
Linesman : Travis Toomey and Justine Todd

Game Notes

No Game Note

Finance

Level 1 -- Attendance: 6000 (100,00%) -- Ticket Income $510,000
Level 2 -- Attendance: 5158 (93,78%) -- Ticket Income $257,900
Level 3 -- Attendance: 2888 (96,27%) -- Ticket Income $72,200
Level 4 -- Attendance: 3098 (61,96%) -- Ticket Income $68,156
Luxury Box -- Attendance: 703 (70,30%) -- Ticket Income $151,145
Game was played at the Barclays Center.
Total Attendance: 17847 (87,06%)
Total Ticket Income: $1,059,401
Other Income: $264,850
Total Income: $1,324,251

NEW YORK Rangers

5 vs 5 Forward 
   Center                   Left Wing                Right Wing               Time % Phy DF OF 
 1 Jamie Benn               Chris Kreider            Mats Zuccarello          40     1   2  2  
 2 Brayden Schenn           Timo Meier               Conor Garland            30     1   2  2  
 3 Andrew Copp              Kasperi Kapanen          Kirill Marchenko         20     1   3  1  
 4 Casey Cizikas            Ryan Lomberg             Vladislav Namestnikov    10     3   2  0  

5 vs 5 Defense 
   Defense                  Defense                                           Time % Phy DF OF 
 1 Jared Spurgeon           Justin Faulk                                      40     0   3  2  
 2 Cam Fowler               Tyler Myers                                       33     1   3  1  
 3 Jacob Middleton          Dante Fabbro                                      26     2   2  1  
 4 Jared Spurgeon           Justin Faulk                                      1      1   2  2  

PowerPlay Forward 
   Center                   Left Wing                Right Wing               Time % Phy DF OF 
 1 Jamie Benn               Chris Kreider            Andrew Copp              60     1   2  2  
 2 Brayden Schenn           Timo Meier               Kasperi Kapanen          40     1   2  2  

PowerPlay Defense
   Defense                  Defense                                           Time % Phy DF OF 
 1 Jared Spurgeon           Justin Faulk                                      60     1   2  2  
 2 Cam Fowler               Tyler Myers                                       40     1   2  2  

Penalty Kill 4 Players Forward 
   Center                   Wing                     Time % Phy DF OF 
 1 Jamie Benn               Chris Kreider            60     1   2  2  
 2 Brayden Schenn           Timo Meier               40     1   2  2  

Penalty Kill 4 Players Defense
   Defense                  Defense                  Time % Phy DF OF 
 1 Jared Spurgeon           Justin Faulk             60     1   2  2  
 2 Cam Fowler               Tyler Myers              40     1   2  2  

Penalty Kill - 3 Players Forward 
   Forward                                           Time % Phy DF OF 
 1 Jamie Benn                                        60     1   2  2  
 2 Brayden Schenn                                    40     1   2  2  

Penalty Kill - 3 Players Defense
   Defense                  Defense                  Time % Phy DF OF 
 1 Jared Spurgeon           Justin Faulk             60     1   2  2  
 2 Cam Fowler               Tyler Myers              40     1   2  2  

4 vs 4 Forward 
   Center                   Wing                     Time % Phy DF OF 
 1 Jamie Benn               Chris Kreider            60     1   2  2  
 2 Brayden Schenn           Timo Meier               40     1   2  2  

4 vs 4 Defense
   Defense                  Defense                  Time % Phy DF OF 
 1 Jared Spurgeon           Justin Faulk             60     1   2  2  
 2 Cam Fowler               Tyler Myers              40     1   2  2  

Last Minutes Offensive
   Center                   Left Wing                Right Wing               Defense                  Defense                  
   Jamie Benn               Chris Kreider            Andrew Copp              Jared Spurgeon           Justin Faulk             

Last Minutes Defensive
   Center                   Left Wing                Right Wing               Defense                  Defense                  
   Jamie Benn               Chris Kreider            Andrew Copp              Jared Spurgeon           Justin Faulk             

Goaltenders
Starting : Linus Ullmark            
Backup : Eric Comrie              

Extra Forwards
Normal : Brayden Schenn, Andrew Copp, Conor Garland - PP : Brayden Schenn, Andrew Copp - PK : Brayden Schenn
Extra Defensemen
Normal : Tyler Myers, Jacob Middleton, Dante Fabbro - PP : Tyler Myers - PK : Tyler Myers, Jacob Middleton
Penalty Shots
Jamie Benn, Chris Kreider, Timo Meier, Mats Zuccarello, Brayden Schenn

Scratches
Mason Shaw (Healthy)

NEW YORK Islanders

5 vs 5 Forward 
   Center                   Left Wing                Right Wing               Time % Phy DF OF 
 1 Dillon Dube              Nino Niederreiter        Nikolaj Ehlers           40     1   2  2  
 2 Pius Suter               Gustav Nyquist           Lucas Raymond            30     1   2  2  
 3 Kirby Dach               Victor Olofsson          Jesper Fast              20     1   2  2  
 4 Michael McLeod           Sean Kuraly              Zack Kassian             10     1   2  2  

5 vs 5 Defense 
   Defense                  Defense                                           Time % Phy DF OF 
 1 Jacob Trouba             Erik Cernak                                       40     1   2  2  
 2 Sebastian D Aho          Braden Schneider                                  30     1   2  2  
 3 Ilya Lyubushkin          Ethan Bear                                        20     1   2  2  
 4 Erik Cernak              Jacob Trouba                                      10     1   2  2  

PowerPlay Forward 
   Center                   Left Wing                Right Wing               Time % Phy DF OF 
 1 Dillon Dube              Lucas Raymond            Nino Niederreiter        70     1   2  2  
 2 Pius Suter               Nikolaj Ehlers           Kirby Dach               30     1   2  2  

PowerPlay Defense
   Defense                  Defense                                           Time % Phy DF OF 
 1 Jacob Trouba             Erik Cernak                                       60     1   2  2  
 2 Ethan Bear               Braden Schneider                                  40     1   2  2  

Penalty Kill 4 Players Forward 
   Center                   Wing                     Time % Phy DF OF 
 1 Sean Kuraly              Gustav Nyquist           60     1   2  2  
 2 Michael McLeod           Jesper Fast              40     1   2  2  

Penalty Kill 4 Players Defense
   Defense                  Defense                  Time % Phy DF OF 
 1 Jacob Trouba             Erik Cernak              60     1   2  2  
 2 Braden Schneider         Ilya Lyubushkin          40     1   2  2  

Penalty Kill - 3 Players Forward 
   Forward                                           Time % Phy DF OF 
 1 Pius Suter                                        60     1   2  2  
 2 Sean Kuraly                                       40     1   2  2  

Penalty Kill - 3 Players Defense
   Defense                  Defense                  Time % Phy DF OF 
 1 Jacob Trouba             Erik Cernak              60     1   2  2  
 2 Ilya Lyubushkin          Sebastian D Aho          40     1   2  2  

4 vs 4 Forward 
   Center                   Wing                     Time % Phy DF OF 
 1 Kirby Dach               Nino Niederreiter        60     1   2  2  
 2 Pius Suter               Victor Olofsson          40     1   2  2  

4 vs 4 Defense
   Defense                  Defense                  Time % Phy DF OF 
 1 Jacob Trouba             Erik Cernak              60     1   2  2  
 2 Ilya Lyubushkin          Braden Schneider         40     1   2  2  

Last Minutes Offensive
   Center                   Left Wing                Right Wing               Defense                  Defense                  
   Dillon Dube              Nino Niederreiter        Nikolaj Ehlers           Jacob Trouba             Erik Cernak              

Last Minutes Defensive
   Center                   Left Wing                Right Wing               Defense                  Defense                  
   Pius Suter               Nino Niederreiter        Lucas Raymond            Jacob Trouba             Erik Cernak              

Goaltenders
Starting : Ilya Sorokin             
Backup : Anton Khudobin           

Extra Forwards
Normal : Nikolaj Ehlers, Kirby Dach, Lucas Raymond - PP : Nikolaj Ehlers, Kirby Dach - PK : Sean Kuraly
Extra Defensemen
Normal : Ethan Bear, Jacob Trouba, Braden Schneider - PP : Ethan Bear - PK : Erik Cernak, Sebastian D Aho
Penalty Shots
Nino Niederreiter, Lucas Raymond, Kirby Dach, Nikolaj Ehlers, Victor Olofsson

Scratches
Adam Ruzicka (Healthy), Brett Connolly (Healthy), Jay Beagle (Healthy)

% Time on Ice - NEW YORK Rangers

Lines # - Real PCT - Wanted PCT - Time Play
Normal Forward
1 - 29% - 40% - 9:34
2 - 34% - 30% - 11:12
3 - 20% - 20% - 6:46
4 - 17% - 10% - 5:44
Normal Defense
1 - 38% - 40% - 12:35
2 - 32% - 33% - 10:41
3 - 30% - 26% - 10:00
4 - 0% - 1% - 0:00
PP Forward
1 - 57% - 60% - 9:56
2 - 43% - 40% - 7:25
PP Defense
1 - 53% - 60% - 9:16
2 - 47% - 40% - 8:05
PK Forward
1 - 69% - 60% - 6:30
2 - 31% - 40% - 2:53
PK Defense
1 - 60% - 60% - 5:38
2 - 40% - 40% - 3:45
PK3 Forward
1 - 0% - 60%
2 - 0% - 40%
PK3 Defense
1 - 0% - 60%
2 - 0% - 40%
44 Forward
1 - 0% - 60%
2 - 0% - 40%
44 Defense
1 - 0% - 60%
2 - 0% - 40%
Last Minute Offensive  - 0:00
Last Minute Defensive  - 0:00
Total
Forward - 60:00
Defense - 60:00

% Time on Ice - NEW YORK Islanders

Lines # - Real PCT - Wanted PCT - Time Play
Normal Forward
1 - 36% - 40% - 12:04
2 - 26% - 30% - 8:45
3 - 20% - 20% - 6:34
4 - 18% - 10% - 5:53
Normal Defense
1 - 38% - 40% - 12:42
2 - 30% - 30% - 9:49
3 - 32% - 20% - 10:45
4 - 0% - 10% - 0:00
PP Forward
1 - 56% - 70% - 5:16
2 - 44% - 30% - 4:07
PP Defense
1 - 56% - 60% - 5:16
2 - 44% - 40% - 4:07
PK Forward
1 - 62% - 60% - 9:01
2 - 38% - 40% - 5:29
PK Defense
1 - 49% - 60% - 7:08
2 - 51% - 40% - 7:22
PK3 Forward
1 - 61% - 60% - 1:45
2 - 39% - 40% - 1:06
PK3 Defense
1 - 38% - 60% - 1:05
2 - 62% - 40% - 1:46
44 Forward
1 - 0% - 60%
2 - 0% - 40%
44 Defense
1 - 0% - 60%
2 - 0% - 40%
Last Minute Offensive  - 0:00
Last Minute Defensive  - 0:00
Total
Forward - 60:00
Defense - 60:00

Play-by-Play

1st period


0:01 of 1st period - Nikolaj Ehlers wins face-off versus Jamie Benn in neutral zone.
0:10 of 1st period - Shot by Dillon Dube.
0:10 of 1st period - Deflect By Nikolaj Ehlers.
0:10 of 1st period - Shot Misses the Net.
0:12 of 1st period - Shot by Dillon Dube.
0:12 of 1st period - Deflect By Nikolaj Ehlers.
0:12 of 1st period - Stopped by Linus Ullmark without a rebound.
0:13 of 1st period - Brayden Schenn wins face-off versus Pius Suter in NEW YORK Rangers zone.
0:15 of 1st period - Icing by Tyler Myers.
0:16 of 1st period - Brayden Schenn wins face-off versus Kirby Dach in NEW YORK Rangers zone.
0:36 of 1st period - Minor Penalty to Brayden Schenn for High sticking.
0:37 of 1st period - Jamie Benn wins face-off versus Nino Niederreiter in NEW YORK Rangers zone.
0:37 of 1st period - Jamie Benn is hit by Nino Niederreiter.
1:05 of 1st period - Shot by Jacob Trouba.
1:05 of 1st period - Shot Misses the Net.
1:07 of 1st period - Shot by Jacob Trouba.
1:07 of 1st period - Shot Blocked by Justin Faulk.
1:09 of 1st period - Shot by Jacob Trouba.
1:09 of 1st period - Shot Misses the Net.
1:11 of 1st period - Shot by Nino Niederreiter.
1:11 of 1st period - Goal by Nino Niederreiter - NEW YORK Rangers : 0 - NEW YORK Islanders : 1.
1:12 of 1st period - Michael McLeod wins face-off versus Andrew Copp in neutral zone.
2:23 of 1st period - Off-side.
2:24 of 1st period - Jamie Benn wins face-off versus Pius Suter in neutral zone.
2:26 of 1st period - Jared Spurgeon is hit by Erik Cernak.
2:43 of 1st period - Minor Penalty to Erik Cernak for Roughing.
2:44 of 1st period - Sean Kuraly wins face-off versus Timo Meier in NEW YORK Islanders zone.
2:44 of 1st period - Sean Kuraly is hit by Timo Meier.
3:59 of 1st period - Shot by Jared Spurgeon.
3:59 of 1st period - Shot Blocked by Jacob Trouba.
4:01 of 1st period - Shot by Jared Spurgeon.
4:01 of 1st period - Stopped by Ilya Sorokin without a rebound.
4:02 of 1st period - Jamie Benn wins face-off versus Michael McLeod in NEW YORK Islanders zone.
4:02 of 1st period - Chris Kreider is hit by Braden Schneider and loses puck.
4:13 of 1st period - Shot by Jamie Benn.
4:13 of 1st period - Shot Misses the Net.
4:40 of 1st period - Off-side.
4:41 of 1st period - Brayden Schenn wins face-off versus Michael McLeod in neutral zone.
5:34 of 1st period - Minor Penalty to Kirby Dach for Tripping.
5:35 of 1st period - Sean Kuraly wins face-off versus Kasperi Kapanen in NEW YORK Islanders zone.
5:35 of 1st period - Sean Kuraly is hit by Timo Meier.
6:08 of 1st period - Icing by Justin Faulk.
6:09 of 1st period - Michael McLeod wins face-off versus Brayden Schenn in NEW YORK Rangers zone.
6:44 of 1st period - Shot by Chris Kreider.
6:44 of 1st period - Shot Blocked by Ilya Lyubushkin.
6:46 of 1st period - Shot by Jamie Benn.
6:46 of 1st period - Deflect By Chris Kreider.
6:46 of 1st period - Shot Misses the Net.
6:48 of 1st period - Shot by Cam Fowler.
6:48 of 1st period - Shot Misses the Net.
7:29 of 1st period - Shot by Justin Faulk.
7:29 of 1st period - Deflect By Kasperi Kapanen.
7:29 of 1st period - Stopped by Ilya Sorokin without a rebound.
7:30 of 1st period - Brayden Schenn wins face-off versus Sean Kuraly in NEW YORK Islanders zone.
7:30 of 1st period - Justin Faulk is hit by Jacob Trouba and loses puck.
7:36 of 1st period - Kasperi Kapanen is hit by Jacob Trouba and loses puck.
7:54 of 1st period - Ryan Lomberg is hit by Nino Niederreiter and loses puck.
7:58 of 1st period - Off-side.
7:59 of 1st period - Pius Suter wins face-off versus Jamie Benn in neutral zone.
7:59 of 1st period - Pius Suter is hit by Chris Kreider.
8:29 of 1st period - Gustav Nyquist is hit by Cam Fowler and loses puck.
8:30 of 1st period - Minor Penalty to Tyler Myers for High sticking.
8:31 of 1st period - Brayden Schenn wins face-off versus Dillon Dube in NEW YORK Rangers zone.
8:31 of 1st period - Brayden Schenn is hit by Nino Niederreiter.
8:37 of 1st period - Shot by Lucas Raymond.
8:37 of 1st period - Stopped by Linus Ullmark without a rebound.
8:38 of 1st period - Dillon Dube wins face-off versus Jamie Benn in NEW YORK Rangers zone.
8:45 of 1st period - Shot by Lucas Raymond.
8:45 of 1st period - Stopped by Linus Ullmark without a rebound.
8:46 of 1st period - Pius Suter wins face-off versus Jamie Benn in NEW YORK Rangers zone.
8:59 of 1st period - Ethan Bear is hit by Jamie Benn and loses puck.
9:08 of 1st period - Shot by Nikolaj Ehlers.
9:08 of 1st period - Shot Misses the Net.
9:51 of 1st period - Shot by Jacob Trouba.
9:51 of 1st period - Shot Blocked by Jacob Middleton.
9:53 of 1st period - Shot by Erik Cernak.
9:53 of 1st period - Stopped by Linus Ullmark without a rebound.
9:54 of 1st period - Timo Meier wins face-off versus Dillon Dube in NEW YORK Rangers zone.
10:15 of 1st period - Icing by Nino Niederreiter.
10:16 of 1st period - Jamie Benn wins face-off versus Dillon Dube in NEW YORK Islanders zone.
10:23 of 1st period - Shot by Jamie Benn.
10:23 of 1st period - Shot Misses the Net.
10:37 of 1st period - Shot by Jared Spurgeon.
10:37 of 1st period - Stopped by Ilya Sorokin with a rebound.
10:39 of 1st period - Shot by Jared Spurgeon.
10:39 of 1st period - Shot Blocked by Ilya Lyubushkin.
10:41 of 1st period - Shot by Jared Spurgeon.
10:41 of 1st period - Stopped by Ilya Sorokin without a rebound.
10:42 of 1st period - Brayden Schenn wins face-off versus Michael McLeod in NEW YORK Islanders zone.
10:42 of 1st period - Brayden Schenn is hit by Braden Schneider.
10:44 of 1st period - Shot by Timo Meier.
10:44 of 1st period - Stopped by Ilya Sorokin without a rebound.
10:45 of 1st period - Brayden Schenn wins face-off versus Kirby Dach in NEW YORK Islanders zone.
11:11 of 1st period - Shot by Kirby Dach.
11:11 of 1st period - Deflect By Jesper Fast.
11:11 of 1st period - Shot Blocked by Tyler Myers.
12:06 of 1st period - Jamie Benn is hit by Jacob Trouba and loses puck.
12:19 of 1st period - Shot by Justin Faulk.
12:19 of 1st period - Stopped by Ilya Sorokin with a rebound.
12:21 of 1st period - Shot by Mats Zuccarello.
12:21 of 1st period - Shot Blocked by Erik Cernak.
12:38 of 1st period - Icing by Jacob Trouba.
12:39 of 1st period - Andrew Copp wins face-off versus Dillon Dube in NEW YORK Islanders zone.
12:39 of 1st period - Kasperi Kapanen is hit by Jacob Trouba.
12:42 of 1st period - Minor Penalty to Erik Cernak for Hooking.
12:43 of 1st period - Brayden Schenn wins face-off versus Sean Kuraly in NEW YORK Islanders zone.
12:49 of 1st period - Shot by Timo Meier.
12:49 of 1st period - Stopped by Ilya Sorokin without a rebound.
12:50 of 1st period - Jamie Benn wins face-off versus Sean Kuraly in NEW YORK Islanders zone.
12:52 of 1st period - Minor Penalty to Ilya Lyubushkin for Roughing.
12:53 of 1st period - Brayden Schenn wins face-off versus Pius Suter in NEW YORK Islanders zone.
12:54 of 1st period - Shot by Kasperi Kapanen.
12:54 of 1st period - Stopped by Ilya Sorokin without a rebound.
12:55 of 1st period - Jamie Benn wins face-off versus Pius Suter in NEW YORK Islanders zone.
13:39 of 1st period - Shot by Jamie Benn.
13:39 of 1st period - Stopped by Ilya Sorokin without a rebound.
13:40 of 1st period - Brayden Schenn wins face-off versus Sean Kuraly in NEW YORK Islanders zone.
13:41 of 1st period - Shot by Timo Meier.
13:41 of 1st period - Stopped by Ilya Sorokin with a rebound.
13:43 of 1st period - Shot by Tyler Myers.
13:43 of 1st period - Shot Blocked by Sean Kuraly.
14:03 of 1st period - Shot by Kasperi Kapanen.
14:03 of 1st period - Stopped by Ilya Sorokin without a rebound.
14:04 of 1st period - Pius Suter wins face-off versus Andrew Copp in NEW YORK Islanders zone.
14:15 of 1st period - Shot by Jared Spurgeon.
14:15 of 1st period - Stopped by Ilya Sorokin without a rebound.
14:16 of 1st period - Pius Suter wins face-off versus Brayden Schenn in NEW YORK Islanders zone.
14:28 of 1st period - Icing by Brayden Schenn.
14:29 of 1st period - Brayden Schenn wins face-off versus Pius Suter in NEW YORK Rangers zone.
14:33 of 1st period - Icing by Cam Fowler.
14:34 of 1st period - Brayden Schenn wins face-off versus Pius Suter in NEW YORK Rangers zone.
15:03 of 1st period - Shot by Jared Spurgeon.
15:03 of 1st period - Shot Blocked by Ethan Bear.
15:05 of 1st period - Shot by Justin Faulk.
15:05 of 1st period - Stopped by Ilya Sorokin without a rebound.
15:06 of 1st period - Brayden Schenn wins face-off versus Gustav Nyquist in NEW YORK Islanders zone.
15:06 of 1st period - Timo Meier is hit by Braden Schneider and loses puck.
15:15 of 1st period - Shot by Conor Garland.
15:15 of 1st period - Stopped by Ilya Sorokin without a rebound.
15:16 of 1st period - Dillon Dube wins face-off versus Jamie Benn in NEW YORK Islanders zone.
15:20 of 1st period - Icing by Erik Cernak.
15:21 of 1st period - Dillon Dube wins face-off versus Jamie Benn in NEW YORK Islanders zone.
15:21 of 1st period - Dillon Dube is hit by Jamie Benn.
15:29 of 1st period - Shot by Dillon Dube.
15:29 of 1st period - Goal by Dillon Dube - NEW YORK Rangers : 0 - NEW YORK Islanders : 2.
15:30 of 1st period - Jamie Benn wins face-off versus Pius Suter in neutral zone.
15:32 of 1st period - Chris Kreider is hit by Jacob Trouba and loses puck.
16:31 of 1st period - Chris Kreider is hit by Dillon Dube and loses puck.
17:56 of 1st period - Shot by Jesper Fast.
17:56 of 1st period - Shot Blocked by Cam Fowler.
18:27 of 1st period - Minor Penalty to Gustav Nyquist for Goalie Interference.
18:28 of 1st period - Jamie Benn wins face-off versus Sean Kuraly in NEW YORK Islanders zone.
18:49 of 1st period - Shot by Chris Kreider.
18:49 of 1st period - Goal by Chris Kreider - NEW YORK Rangers : 1 - NEW YORK Islanders : 2.
18:50 of 1st period - Pius Suter wins face-off versus Ryan Lomberg in neutral zone.
19:12 of 1st period - Icing by Braden Schneider.
19:13 of 1st period - Andrew Copp wins face-off versus Pius Suter in NEW YORK Islanders zone.
19:13 of 1st period - Andrew Copp is hit by Braden Schneider.
19:21 of 1st period - Shot by Kasperi Kapanen.
19:21 of 1st period - Stopped by Ilya Sorokin with a rebound.
19:23 of 1st period - Shot by Cam Fowler.
19:23 of 1st period - Stopped by Ilya Sorokin without a rebound.
19:24 of 1st period - Brayden Schenn wins face-off versus Dillon Dube in NEW YORK Islanders zone.
19:26 of 1st period - Minor Penalty to Erik Cernak for Interference.
19:27 of 1st period - Sean Kuraly wins face-off versus Brayden Schenn in NEW YORK Islanders zone.
19:58 of 1st period - Shot by Justin Faulk.
19:58 of 1st period - Shot Misses the Net.
Goals for this period are 1 for NEW YORK Rangers vs 2 for NEW YORK Islanders.
Shots for this period are 17 for NEW YORK Rangers vs 6 for NEW YORK Islanders.

2nd period


0:01 of 2nd period - Jamie Benn wins face-off versus Sean Kuraly in neutral zone.
0:08 of 2nd period - Shot by Chris Kreider.
0:08 of 2nd period - Stopped by Ilya Sorokin without a rebound.
0:09 of 2nd period - Jamie Benn wins face-off versus Sean Kuraly in NEW YORK Islanders zone.
1:27 of 2nd period - Shot by Cam Fowler.
1:27 of 2nd period - Shot Misses the Net.
1:42 of 2nd period - Vladislav Namestnikov is hit by Ilya Lyubushkin and loses puck.
1:45 of 2nd period - Shot by Jacob Middleton.
1:45 of 2nd period - Shot Misses the Net.
2:44 of 2nd period - Icing by Nikolaj Ehlers.
2:45 of 2nd period - Andrew Copp wins face-off versus Nikolaj Ehlers in NEW YORK Islanders zone.
2:49 of 2nd period - Kasperi Kapanen is hit by Ethan Bear and loses puck.
3:05 of 2nd period - Jared Spurgeon is hit by Jacob Trouba and loses puck.
3:38 of 2nd period - Shot by Pius Suter.
3:38 of 2nd period - Stopped by Linus Ullmark without a rebound.
3:39 of 2nd period - Jamie Benn wins face-off versus Victor Olofsson in NEW YORK Rangers zone.
3:54 of 2nd period - Shot by Jamie Benn.
3:54 of 2nd period - Stopped by Ilya Sorokin without a rebound.
3:55 of 2nd period - Michael McLeod wins face-off versus Brayden Schenn in NEW YORK Islanders zone.
4:22 of 2nd period - Shot by Brayden Schenn.
4:22 of 2nd period - Shot Misses the Net.
4:25 of 2nd period - Minor Penalty to Braden Schneider for Cross-checking.
4:26 of 2nd period - Jamie Benn wins face-off versus Sean Kuraly in NEW YORK Islanders zone.
4:27 of 2nd period - Shot by Jared Spurgeon.
4:27 of 2nd period - Stopped by Ilya Sorokin with a rebound.
4:29 of 2nd period - Shot by Jared Spurgeon.
4:29 of 2nd period - Stopped by Ilya Sorokin without a rebound.
4:30 of 2nd period - Sean Kuraly wins face-off versus Chris Kreider in NEW YORK Islanders zone.
5:47 of 2nd period - Shot by Kasperi Kapanen.
5:47 of 2nd period - Stopped by Ilya Sorokin without a rebound.
5:48 of 2nd period - Sean Kuraly wins face-off versus Brayden Schenn in NEW YORK Islanders zone.
6:07 of 2nd period - Shot by Timo Meier.
6:07 of 2nd period - Shot Blocked by Jacob Trouba.
6:34 of 2nd period - Nikolaj Ehlers is hit by Dante Fabbro and loses puck.
6:38 of 2nd period - Dillon Dube is hit by Dante Fabbro.
6:55 of 2nd period - Dillon Dube is hit by Dante Fabbro and loses puck.
7:19 of 2nd period - Icing by Ethan Bear.
7:20 of 2nd period - Jamie Benn wins face-off versus Dillon Dube in NEW YORK Islanders zone.
7:20 of 2nd period - Minor Penalty to Ilya Lyubushkin for Tripping.
7:21 of 2nd period - Sean Kuraly wins face-off versus Jamie Benn in NEW YORK Islanders zone.
7:30 of 2nd period - Shot by Jared Spurgeon.
7:30 of 2nd period - Shot Misses the Net.
7:32 of 2nd period - Shot by Jamie Benn.
7:32 of 2nd period - Stopped by Ilya Sorokin without a rebound.
7:33 of 2nd period - Sean Kuraly wins face-off versus Brayden Schenn in NEW YORK Islanders zone.
7:33 of 2nd period - Sean Kuraly is hit by Timo Meier.
8:33 of 2nd period - Shot by Jamie Benn.
8:33 of 2nd period - Shot Blocked by Braden Schneider.
8:35 of 2nd period - Shot by Tyler Myers.
8:35 of 2nd period - Shot Misses the Net.
8:50 of 2nd period - Chris Kreider is hit by Braden Schneider and loses puck.
9:04 of 2nd period - Shot by Jamie Benn.
9:04 of 2nd period - Stopped by Ilya Sorokin without a rebound.
9:05 of 2nd period - Brayden Schenn wins face-off versus Sean Kuraly in NEW YORK Islanders zone.
9:06 of 2nd period - Shot by Justin Faulk.
9:06 of 2nd period - Shot Misses the Net.
9:08 of 2nd period - Shot by Jared Spurgeon.
9:08 of 2nd period - Stopped by Ilya Sorokin without a rebound.
9:09 of 2nd period - Brayden Schenn wins face-off versus Sean Kuraly in NEW YORK Islanders zone.
9:27 of 2nd period - Off-side.
9:28 of 2nd period - Jamie Benn wins face-off versus Pius Suter in neutral zone.
9:51 of 2nd period - Shot by Lucas Raymond.
9:51 of 2nd period - Stopped by Linus Ullmark without a rebound.
9:52 of 2nd period - Dillon Dube wins face-off versus Conor Garland in NEW YORK Rangers zone.
10:08 of 2nd period - Icing by Jared Spurgeon.
10:09 of 2nd period - Pius Suter wins face-off versus Brayden Schenn in NEW YORK Rangers zone.
10:20 of 2nd period - Shot by Brayden Schenn.
10:20 of 2nd period - Shot Misses the Net.
10:34 of 2nd period - Jared Spurgeon is hit by Lucas Raymond and loses puck.
11:07 of 2nd period - Shot by Nino Niederreiter.
11:07 of 2nd period - Shot Blocked by Justin Faulk.
12:56 of 2nd period - Mats Zuccarello is hit by Ethan Bear and loses puck.
13:22 of 2nd period - Icing by Jesper Fast.
13:23 of 2nd period - Andrew Copp wins face-off versus Jesper Fast in NEW YORK Islanders zone.
13:29 of 2nd period - Minor Penalty to Ilya Lyubushkin for High sticking.
13:30 of 2nd period - Sean Kuraly wins face-off versus Jamie Benn in NEW YORK Islanders zone.
13:57 of 2nd period - Shot by Cam Fowler.
13:57 of 2nd period - Stopped by Ilya Sorokin with a rebound.
13:59 of 2nd period - Shot by Andrew Copp.
13:59 of 2nd period - Stopped by Ilya Sorokin with a rebound.
14:01 of 2nd period - Shot by Cam Fowler.
14:01 of 2nd period - Deflect By Chris Kreider.
14:01 of 2nd period - Shot Misses the Net.
14:56 of 2nd period - Shot by Cam Fowler.
14:56 of 2nd period - Stopped by Ilya Sorokin without a rebound.
14:57 of 2nd period - Vladislav Namestnikov wins face-off versus Sean Kuraly in NEW YORK Islanders zone.
14:58 of 2nd period - Shot by Cam Fowler.
14:58 of 2nd period - Shot Misses the Net.
15:18 of 2nd period - Shot by Cam Fowler.
15:18 of 2nd period - Shot Blocked by Gustav Nyquist.
15:42 of 2nd period - Shot by Dillon Dube.
15:42 of 2nd period - Shot Blocked by Dante Fabbro.
15:54 of 2nd period - Shot by Nikolaj Ehlers.
15:54 of 2nd period - Stopped by Linus Ullmark without a rebound.
15:55 of 2nd period - Casey Cizikas wins face-off versus Kirby Dach in NEW YORK Rangers zone.
16:45 of 2nd period - Icing by Braden Schneider.
16:46 of 2nd period - Brayden Schenn wins face-off versus Kirby Dach in NEW YORK Islanders zone.
16:46 of 2nd period - Brayden Schenn is hit by Braden Schneider.
18:34 of 2nd period - Shot by Chris Kreider.
18:34 of 2nd period - Shot Misses the Net.
18:36 of 2nd period - Shot by Jacob Middleton.
18:36 of 2nd period - Stopped by Ilya Sorokin without a rebound.
18:37 of 2nd period - Michael McLeod wins face-off versus Andrew Copp in NEW YORK Islanders zone.
19:33 of 2nd period - Off-side.
19:34 of 2nd period - Dillon Dube wins face-off versus Jamie Benn in neutral zone.
19:55 of 2nd period - Shot by Nikolaj Ehlers.
19:55 of 2nd period - Shot Misses the Net.
Goals for this period are 0 for NEW YORK Rangers vs 0 for NEW YORK Islanders.
Shots for this period are 12 for NEW YORK Rangers vs 3 for NEW YORK Islanders.

3rd period


0:01 of 3rd period - Jamie Benn wins face-off versus Pius Suter in neutral zone.
0:01 of 3rd period - Jamie Benn is hit by Lucas Raymond.
0:26 of 3rd period - Mats Zuccarello is hit by Erik Cernak and loses puck.
1:02 of 3rd period - Timo Meier is hit by Jacob Trouba and loses puck.
1:40 of 3rd period - Minor Penalty to Nikolaj Ehlers for Holding.
1:41 of 3rd period - Jamie Benn wins face-off versus Michael McLeod in NEW YORK Islanders zone.
2:05 of 3rd period - Shot by Chris Kreider.
2:05 of 3rd period - Shot Blocked by Ilya Lyubushkin.
2:07 of 3rd period - Shot by Justin Faulk.
2:07 of 3rd period - Shot Misses the Net.
2:37 of 3rd period - Minor Penalty to Sean Kuraly for Holding Stick.
2:38 of 3rd period - Kasperi Kapanen wins face-off versus Kirby Dach in NEW YORK Islanders zone.
3:31 of 3rd period - Shot by Justin Faulk.
3:31 of 3rd period - Stopped by Ilya Sorokin without a rebound.
3:32 of 3rd period - Pius Suter wins face-off versus Brayden Schenn in NEW YORK Islanders zone.
3:56 of 3rd period - Gustav Nyquist is hit by Timo Meier.
4:16 of 3rd period - Shot by Gustav Nyquist.
4:16 of 3rd period - Shot Misses the Net.
4:22 of 3rd period - Shot by Jared Spurgeon.
4:22 of 3rd period - Shot Blocked by Gustav Nyquist.
4:24 of 3rd period - Shot by Jamie Benn.
4:24 of 3rd period - Stopped by Ilya Sorokin with a rebound.
4:32 of 3rd period - Shot by Jared Spurgeon.
4:32 of 3rd period - Shot Misses the Net.
4:34 of 3rd period - Shot by Justin Faulk.
4:34 of 3rd period - Stopped by Ilya Sorokin without a rebound.
4:35 of 3rd period - Jamie Benn wins face-off versus Nikolaj Ehlers in NEW YORK Islanders zone.
4:43 of 3rd period - Icing by Braden Schneider.
4:44 of 3rd period - Michael McLeod wins face-off versus Casey Cizikas in NEW YORK Islanders zone.
4:55 of 3rd period - Shot by Braden Schneider.
4:55 of 3rd period - Stopped by Linus Ullmark with a rebound.
5:15 of 3rd period - Shot by Sean Kuraly.
5:15 of 3rd period - Deflect By Michael McLeod.
5:15 of 3rd period - Stopped by Linus Ullmark without a rebound.
5:16 of 3rd period - Andrew Copp wins face-off versus Nikolaj Ehlers in NEW YORK Rangers zone.
6:19 of 3rd period - Dillon Dube is hit by Andrew Copp and loses puck.
7:35 of 3rd period - Icing by Dante Fabbro.
7:36 of 3rd period - Brayden Schenn wins face-off versus Kirby Dach in NEW YORK Rangers zone.
7:46 of 3rd period - Minor Penalty to Timo Meier for Hooking.
7:47 of 3rd period - Pius Suter wins face-off versus Jamie Benn in NEW YORK Rangers zone.
8:14 of 3rd period - Shot by Braden Schneider.
8:14 of 3rd period - Shot Misses the Net.
9:29 of 3rd period - Chris Kreider is hit by Dillon Dube and loses puck.
10:00 of 3rd period - Minor Penalty to Jacob Middleton for Holding.
10:01 of 3rd period - Pius Suter wins face-off versus Brayden Schenn in NEW YORK Rangers zone.
11:12 of 3rd period - Lucas Raymond is hit by Tyler Myers and loses puck.
11:39 of 3rd period - Shot by Sebastian D Aho.
11:39 of 3rd period - Shot Misses the Net.
11:41 of 3rd period - Shot by Kirby Dach.
11:41 of 3rd period - Stopped by Linus Ullmark without a rebound.
11:42 of 3rd period - Jamie Benn wins face-off versus Pius Suter in NEW YORK Rangers zone.
11:57 of 3rd period - Shot by Sebastian D Aho.
11:57 of 3rd period - Stopped by Linus Ullmark without a rebound.
11:58 of 3rd period - Jamie Benn wins face-off versus Dillon Dube in NEW YORK Rangers zone.
13:09 of 3rd period - Minor Penalty to Brayden Schenn for Slashing.
13:10 of 3rd period - Dillon Dube wins face-off versus Jamie Benn in NEW YORK Rangers zone.
13:11 of 3rd period - Shot by Nino Niederreiter.
13:11 of 3rd period - Shot Blocked by Jared Spurgeon.
13:38 of 3rd period - Shot by Jamie Benn.
13:38 of 3rd period - Shot Misses the Net.
13:40 of 3rd period - Shot by Cam Fowler.
13:40 of 3rd period - Shot Misses the Net.
14:04 of 3rd period - Cam Fowler is hit by Kirby Dach and loses puck.
14:17 of 3rd period - Shot by Nikolaj Ehlers.
14:17 of 3rd period - Deflect By Kirby Dach.
14:17 of 3rd period - Goal by Kirby Dach - NEW YORK Rangers : 1 - NEW YORK Islanders : 3.
14:18 of 3rd period - Michael McLeod wins face-off versus Brayden Schenn in neutral zone.
14:24 of 3rd period - Icing by Justin Faulk.
14:25 of 3rd period - Michael McLeod wins face-off versus Brayden Schenn in NEW YORK Rangers zone.
14:45 of 3rd period - Icing by Erik Cernak.
14:46 of 3rd period - Michael McLeod wins face-off versus Andrew Copp in NEW YORK Islanders zone.
15:17 of 3rd period - Shot by Kirill Marchenko.
15:17 of 3rd period - Shot Blocked by Zack Kassian.
15:57 of 3rd period - Shot by Timo Meier.
15:57 of 3rd period - Shot Blocked by Sean Kuraly.
15:59 of 3rd period - Shot by Conor Garland.
15:59 of 3rd period - Shot Misses the Net.
16:03 of 3rd period - Shot by Conor Garland.
16:03 of 3rd period - Deflect By Timo Meier.
16:03 of 3rd period - Shot Misses the Net.
16:05 of 3rd period - Shot by Brayden Schenn.
16:05 of 3rd period - Stopped by Ilya Sorokin without a rebound.
16:06 of 3rd period - Jamie Benn wins face-off versus Nino Niederreiter in NEW YORK Islanders zone.
16:06 of 3rd period - Jamie Benn is hit by Braden Schneider.
16:14 of 3rd period - Shot by Jamie Benn.
16:14 of 3rd period - Stopped by Ilya Sorokin without a rebound.
16:15 of 3rd period - Jamie Benn wins face-off versus Dillon Dube in NEW YORK Islanders zone.
16:27 of 3rd period - Icing by Jamie Benn.
16:28 of 3rd period - Jamie Benn wins face-off versus Pius Suter in NEW YORK Rangers zone.
16:41 of 3rd period - Shot by Chris Kreider.
16:41 of 3rd period - Stopped by Ilya Sorokin without a rebound.
16:42 of 3rd period - Brayden Schenn wins face-off versus Dillon Dube in NEW YORK Islanders zone.
16:57 of 3rd period - Shot by Brayden Schenn.
16:57 of 3rd period - Deflect By Timo Meier.
16:57 of 3rd period - Stopped by Ilya Sorokin without a rebound.
16:58 of 3rd period - Pius Suter wins face-off versus Jamie Benn in NEW YORK Islanders zone.
17:09 of 3rd period - Shot by Ethan Bear.
17:09 of 3rd period - Shot Misses the Net.
17:19 of 3rd period - Shot by Chris Kreider.
17:19 of 3rd period - Stopped by Ilya Sorokin without a rebound.
17:20 of 3rd period - Brayden Schenn wins face-off versus Dillon Dube in NEW YORK Islanders zone.
17:47 of 3rd period - Shot by Nino Niederreiter.
17:47 of 3rd period - Stopped by Linus Ullmark without a rebound.
17:48 of 3rd period - Pius Suter wins face-off versus Jamie Benn in NEW YORK Rangers zone.
17:51 of 3rd period - Shot by Lucas Raymond.
17:51 of 3rd period - Shot Misses the Net.
17:54 of 3rd period - Icing by Tyler Myers.
17:55 of 3rd period - Jamie Benn wins face-off versus Pius Suter in NEW YORK Rangers zone.
17:55 of 3rd period - Jamie Benn is hit by Pius Suter.
18:00 of 3rd period - Tyler Myers is hit by Jacob Trouba and loses puck.
18:11 of 3rd period - Shot by Lucas Raymond.
18:11 of 3rd period - Stopped by Linus Ullmark without a rebound.
18:12 of 3rd period - Dillon Dube wins face-off versus Brayden Schenn in NEW YORK Rangers zone.
18:16 of 3rd period - Minor Penalty to Justin Faulk for Close Hand On Puck.
18:17 of 3rd period - Jamie Benn wins face-off versus Dillon Dube in NEW YORK Rangers zone.
18:28 of 3rd period - Shot by Jacob Trouba.
18:28 of 3rd period - Shot Misses the Net.
Goals for this period are 0 for NEW YORK Rangers vs 1 for NEW YORK Islanders.
Shots for this period are 8 for NEW YORK Rangers vs 7 for NEW YORK Islanders. Output by the SimonT Hockey Simulator (STHS) for Martin Benoit - Original Page W3C HTML5 Valid
Hockey Simulator - Hockey Simulation - Hockey Manager